 Dungeon Crawl Stone Soup version 0.29.1-2-gbd0b4ee654 (webtiles) character file.

Game seed: 744086883016213908

410 styxcanada the Covert (level 6, -1/28 (30) HPs)
             Began as a Spriggan Brigand on Nov 8, 2022.
             Was an Initiate of Gozag.
             Shot with an arrow by a centaur (7 damage)
             ... on level 5 of the Dungeon.
             The game lasted 00:21:07 (5196 turns).

styxcanada the Covert (Spriggan Brigand)            Turns: 5196, Time: 00:21:07

HP:   -1/28 (30)    AC:  3    Str: 13    XL:     6   Next: 58%
MP:   9/9           EV: 18    Int: 12    God:    Gozag
Gold: 381           SH:  0    Dex: 21    Spells: 5/7 levels left

rFire   + . .      SeeInvis +   a - +2 dagger
rCold   . . .      Faith    .   (no shield)
rNeg    . . .      Spirit   .   b - +0 robe
rPois   +          Reflect  .   (helmet restricted)
rElec   .          Harm     .   c - +0 cloak
rCorr   +          Rampage  .   (gloves unavailable)
Will    +....                   (boots unavailable)
Stlth   ++++......              (no amulet)
HPRegen 0.09/turn               m - +6 ring of strength
MPRegen 0.11/turn               v - ring of the Doge {rPois rF+ rCorr Dex+2}

@: drained, very quick
A: very small, no large weapons, unfitting armour, see invisible, speed 3
a: Renounce Religion, Potion Petition, Call Merchant, Bribe Branch


You were on level 5 of the Dungeon.
You worshipped Gozag.
Gozag was aware of your devotion.
You visited 1 branch of the dungeon, and saw 5 of its levels.

You collected 465 gold pieces.
You paid 84 gold pieces to Gozag.

Inventory:

Hand Weapons
 a - a +2 dagger (weapon)
 o - a +0 mace of protection
 s - a +0 sling
 t - a +3 quarterstaff of chaos
Missiles
 d - 17 poisoned darts (quivered)
 e - 3 curare-tipped darts
 j - 6 boomerangs
 p - 42 stones
 z - 2 atropa-tipped darts
Armour
 b - a +0 robe (worn)
 c - a +0 cloak (worn)
Magical Staves
 g - a staff of air
 k - a staff of earth
Jewellery
 m - a +6 ring of strength (left hand)
 v - the ring of the Doge (right hand) {rPois rF+ rCorr Dex+2}
   (You found it on level 3 of the Dungeon)

   [ring of poison resistance]

   Dex:       It affects your dexterity (+2).
   rF:        It protects you from fire.
   rPois:     It protects you from poison.
   rCorr:     It protects you from acid and corrosion.
Wands
 y - a wand of quicksilver (3)
Scrolls
 h - a scroll of fear
 u - 2 scrolls of immolation
Potions
 f - a potion of haste
 i - a potion of ambrosia
 l - 2 potions of cancellation
 n - 2 potions of lignification
 q - a potion of berserk rage {unknown}
 r - a potion of attraction {unknown}
 w - a potion of heal wounds {unknown}
 A - 2 potions of resistance


   Skills:
 * Level 2.0 Fighting
 + Level 3.2 Short Blades
 + Level 3.3 Throwing
 * Level 2.8 Dodging
 * Level 8.9 Stealth
 * Level 1.3 Spellcasting
 * Level 0.7 Conjurations
 * Level 1.1 Air Magic
 * Level 1.5 Evocations


You had 5 spell levels left.
You knew the following spells:

 Your Spells              Type           Power      Damage    Failure   Level
a - Static Discharge      Conj/Air       3%         3-4/arc   30%         2

Your spell library contained the following spells:

 Spells                   Type           Power      Damage    Failure   Level
 Lightning Bolt           Conj/Air       1%         1d12      99%         5
 Maxwell's Capacitive Co  Air            1%         ∞         100%        8


Dungeon Overview and Level Annotations

Branches:
Dungeon (5/15)             Temple (0/1) D:4

Altars:
Gozag
Kikubaaqudgha
Nemelex Xobeh
Sif Muna
Trog
Xom

Annotations:
D:5 Edmund


Innate Abilities, Weirdness & Mutations

You are very small and have problems with some larger weapons.
You are too small for most types of armour.
You have supernaturally acute eyesight. (SInv)
You cover ground extremely quickly. (Speed+++)


Message History

You see here a +0 chain mail.
Edmund the Younger comes into view.
He is wielding a +1 dire flail of draining.
Fire: s) +0 sling
Press: ? - help, Q - select action, (/) - cycle Shift-Dir - straight line, f/p - necrophage
Aim: a necrophage (heavily damaged, 60% to hit)
You shoot a sling bullet. The sling bullet hits the necrophage.
The necrophage is heavily damaged.
Edmund shouts!
Fire: s) +0 sling
Press: ? - help, Q - select action, (/) - cycle Shift-Dir - straight line, f/p - necrophage
Aim: a necrophage (heavily damaged, 60% to hit)
You shoot a sling bullet.
The sling bullet closely misses the necrophage.
Found a stone staircase leading up.
A centaur comes into view. It is wielding a +0 spear.
a - a +2 dagger (weapon)
An adder comes into view.
The centaur shouts!
The centaur unwields a +0 spear.
The centaur wields a +0 shortbow.
The centaur shoots an arrow.
The arrow hits you!
The centaur unwields a +0 shortbow.
The centaur wields a +0 spear.
The centaur hits you with a +0 spear. The centaur kicks you.
You hit the centaur.
The centaur is lightly wounded.
The centaur barely misses you. x2
You hit the centaur but do no damage.
The centaur is lightly wounded.
The centaur closely misses you. The centaur misses you.
The centaur closely misses you. The centaur kicks you.
The centaur completely misses you.
The centaur kicks you but does no damage.
The centaur unwields a +0 spear.
The centaur wields a +0 shortbow.
The centaur shoots an arrow.
The arrow completely misses you.
You see here a +0 robe.
The centaur shoots an arrow.
The arrow hits you.
* * * LOW HITPOINT WARNING * * *
The centaur shoots an arrow.
The arrow closely misses you.
The centaur shoots an arrow.
The arrow hits you!
You die...
Your body crumbles into a pile of gold.

.............................#..#
..........##............##...##..
........)........#......###......
...........[.....#......####...<.
........@..n.)..#........####..#.
....##....c.....##.......##...###
#..######.......####..........#
#..# ##....).#........##..##
...######.......@.....##.##..#
......[...............########
.........##..#.........###
#...###..#..###..........# ....#
#.....####.....#..## #...#
#......#...[..##### .....
#......#....#..# .....
...###.......<## ..... ....
#......##


You could see a necrophage and a centaur.

Vanquished Creatures
  An ogre (D:5)
  A howler monkey (D:5)
  3 orc priests
  Crazy Yiuf (D:2)
  Terence (D:2)
  An adder (D:2)
  4 gnolls (D:3)
  A dart slug (D:1)
  15 orcs
  7 bats
  5 endoplasms
  3 giant cockroaches
  3 goblins
  7 hobgoblins
  10 jackals
  2 quokkas
  7 ball pythons
  3 frilled lizards (D:3)
  7 kobolds
  4 rats
86 creatures vanquished.

Notes
Turn   | Place    | Note
-------+----------+-------------------------------------------
     0 | D:1      | styxcanada the Spriggan Brigand began the quest for the
                  | Orb.
     0 | D:1      | Reached XP level 1. HP: 10/10 MP: 2/2
    24 | D:1      | Reached skill level 6 in Stealth
   210 | D:1      | Reached XP level 2. HP: 14/14 MP: 3/3
   903 | D:2      | Found a sparkling altar of Nemelex Xobeh.
   953 | D:2      | Noticed Terence
   998 | D:2      | Killed Terence
   999 | D:2      | Reached skill level 7 in Stealth
   999 | D:2      | Reached XP level 3. HP: 13/18 MP: 4/4
  1520 | D:2      | Found a runed translucent door.
  1521 | D:2      | Noticed Crazy Yiuf
  1635 | D:2      | Killed Crazy Yiuf
  1636 | D:2      | Reached XP level 4. HP: 23/23 MP: 5/5
  2040 | D:3      | Reached skill level 8 in Stealth
  2097 | D:3      | Identified the ring of the Doge {rPois rF+ rCorr Dex+2}
  2166 | D:3      | Reached XP level 5. HP: 6/26 MP: 6/6
  2646 | D:3      | Learned a level 2 spell: Static Discharge
  3279 | D:3      | Found a bloodstained altar of Trog.
  3531 | D:4      | Found an opulent altar of Gozag.
  3567 | D:4      | Found a staircase to the Ecumenical Temple.
  3707 | D:4      | Became a worshipper of Gozag Ym Sagoz the Greedy
  4554 | D:4      | Reached skill level 1 in Evocations
  4554 | D:4      | Reached XP level 6. HP: 25/30 MP: 6/8
  4841 | D:4      | Reached skill level 1 in Spellcasting
  4867 | D:4      | Found a shimmering altar of Xom.
  4867 | D:4      | Found an ancient bone altar of Kikubaaqudgha.
  4867 | D:4      | Found a shimmering blue altar of Sif Muna.
  4941 | D:5      | Entered Level 5 of the Dungeon
  5024 | D:5      | Reached skill level 1 in Air Magic
  5170 | D:5      | Noticed Edmund
  5196 | D:5      | Shot with an arrow by a centaur

Illustrated notes

Levels and vault maps discovered:
D:1:      minmay_arrival_arboretum_small, layout_loops_ring
D:2:      layout_basic, basic_altar, uniq_crazy_yiuf_cottage, uniq_terence
D:3:      layout_basic, mainiacjoe_overflow_cross_hatched
D:4:      layout_loops_ring, lemuel_tele_altar,
          gammafunk_temple_overflow_forgotten, minmay_temple_entry_mini_moons
D:5:      layout_cave_pools, mainiacjoe_overflow_six_doors_small, uniq_edmund,
          uniq_blork_the_orc, uniq_duvessa

Skill      XL: |  1  2  3  4  5  6 |
---------------+-------------------+-----
Stealth        | 6 7 8 |  8.9
Throwing       | 3 |  3.3
Dodging        | 2 |  2.8
Short Blades   | 3 |  3.2
Evocations     | 1 |  1.5
Spellcasting   | 1 |  1.3
Fighting       | 2 |  2.0
Air Magic      | 1 |  1.1
Conjurations   | |  0.7

Action                   |  1- 3 |  4- 6 || total
-------------------------+-------+-------++-------
Melee: Dagger            |    36 |   169 ||   205
       Punch             |     1 |       ||     1
 Fire: Sling             |       |    14 ||    14
Throw: Dart              |    24 |    47 ||    71
       Boomerang         |     6 |     1 ||     7
  Use: Scroll            |     1 |     8 ||     9
       Potion            |       |     1 ||     1
 Stab: Sleeping          |    13 |    15 ||    28
       Distracted        |       |     1 ||     1
Armor: Robe              |     7 |    14 ||    21
Dodge: Dodged            |    16 |   122 ||   138
